 Dungeon Crawl Stone Soup version 0.27.0-1-g7a089689b8 (webtiles) character file.

Game seed: 14908616347044530948

16332 Anothat the Impaler (level 12, -16/97 HPs)
             Began as a Merfolk Gladiator on July 31, 2021.
             Was the Champion of Okawaru.
             Demolished by an orc knight (30 damage)
             ... on level 11 of the Dungeon.
             The game lasted 00:34:04 (23055 turns).

Anothat the Impaler (Merfolk Gladiator)            Turns: 23055, Time: 00:34:05

Health: -16/97     AC: 16    Str: 19    XL:     12   Next: 36%
Magic:  14/15      EV: 12    Int:  8    God:    Okawaru [******]
Gold:   502        SH:  0    Dex: 15    Spells: 11/11 levels left

rFire    . . .     SeeInvis .   t - +6 halberd
rCold    + . .     Faith    .   (shield currently unavailable)
rNeg     . . .     Spirit   .   E - +1 plate armour
rPois    .         Reflect  .   (helmet restricted)
rElec    .         Harm     .   (no cloak)
rCorr    .         Rampage  .   (no gloves)
Will     .....                  (no boots)
Stlth    ..........             I - amulet of the acrobat
HPRegen  0.26/turn              (no ring)
MPRegen  0.14/turn              (no ring)

@: heroic
A: (nimble swimmer 2), mertail, antennae 1, cold resistance 1, subdued magic 1
a: Renounce Religion, Heroism, Finesse


You were on level 11 of the Dungeon.
You worshipped Okawaru.
Okawaru was exalted by your worship.
You visited 4 branches of the dungeon, and saw 15 of its levels.
You also visited: Sewer.

You collected 502 gold pieces.

Inventory:

Hand Weapons
 a - a +0 trident
 t - a +6 halberd (weapon)
 y - a +0 halberd
Missiles
 A - 18 javelins (quivered)
Armour
 b - a +0 leather armour
 c - a +0 helmet
 d - a +2 helmet
 l - a +0 ring mail
 m - a +0 buckler
 q - a +0 helmet of intelligence
 E - a +1 plate armour (worn)
Jewellery
 w - a ring of magical power
 x - an amulet of faith
 I - an amulet of the acrobat (around neck)
Wands
 e - a wand of paralysis (8)
 D - a wand of charming (5)
 F - a wand of flame (37)
 H - a wand of mindburst (1)
Scrolls
 i - a scroll of identify
 j - 3 scrolls of amnesia
 o - a scroll of torment
 p - 3 scrolls of immolation
 r - 3 scrolls of teleportation
 B - 3 scrolls of magic mapping
 J - a scroll of enchant weapon
Potions
 f - a potion of lignification {unknown}
 g - a potion of might
 h - 7 potions of mutation
 k - 5 potions of flight
 n - 2 potions of degeneration
 s - 4 potions of curing
 u - 2 potions of haste
 v - a potion of cancellation
 z - a potion of magic {unknown}
 C - 2 potions of attraction
 G - 2 potions of resistance


   Skills:
 + Level 10.2(15.2) Fighting
 + Level 17.4(22.4) Polearms
 - Level 2.0(7.0) Throwing
 * Level 7.3(12.3) Armour
 - Level 9.1(14.1) Dodging
 + Level 4.5 Invocations


You had 11 spell levels left.
You didn't know any spells.
Your spell library contained the following spells:

 Spells                   Type           Power      Damage    Failure   Level
 Animate Skeleton         Necr           0%         N/A       100%        1
 Apportation              Tloc           0%         N/A       100%        1
 Corona                   Hex            0%         N/A       100%        1
 Freeze                   Ice            0%         1d3       100%        1
 Pain                     Necr           0%         1d4       100%        1
 Summon Small Mammal      Summ           0%         N/A       100%        1
 Corpse Rot               Necr/Air       N/A        N/A       100%        2
 Poisonous Vapours        Pois/Air       0%         N/A       100%        2
 Static Discharge         Conj/Air       0%         N/A       100%        2
 Dazzling Flash           Conj/Hex       0%         N/A       100%        3
 Frozen Ramparts          Ice            0%         1d2       100%        3
 Vampiric Draining        Necr           0%         2d6       100%        3
 Dispel Undead            Necr           0%         3d6       100%        4
 Hailstorm                Conj/Ice       0%         3d3       100%        4
 Sticky Flame             Conj/Fire      0%         2d3       100%        4
 Agony                    Necr           0%         N/A       100%        5
 Freezing Cloud           Conj/Ice/Air   0%         6-21      100%        5
 Iskenderun's Battlesphe  Conj           0%         2d6       100%        5
 Silence                  Hex/Air        0%         N/A       100%        5
 Iron Shot                Conj/Erth      0%         9d1       100%        6
 Spellforged Servitor     Conj/Summ      0%         N/A       100%        7


Dungeon Overview and Level Annotations

Branches:
Dungeon (12/15)            Temple (1/1) D:4            Lair (1/6) D:9
    Orc (1/2) D:11          Sewer (visited)

Altars:
Ashenzari
Cheibriados
Dithmenos
Elyvilon
Fedhas
Gozag
Hepliaklqana
Kikubaaqudgha
Makhleb
Okawaru
Qazlal
Ru
Sif Muna
Trog
Uskayaw
Vehumet
Wu Jian
Xom
Zin


Innate Abilities, Weirdness & Mutations

((You are quick and stealthy near water. (Stealth+, EV+, Speed+++)))
Your lower body shifts to a powerful aquatic tail in water.
You have a pair of small antennae on your head.
Your flesh is cold resistant. (rC+)
Your spells are a little easier to cast, but a little less powerful.


Message History

The orc warrior shouts!
The troll shouts!
You hear a shout! x2
An orc comes into view. It is wielding a +0 hand axe.
The orc warrior barely misses you.
The orc knight roars a battlecry!
The orcs go into a battle-frenzy!
An orc warlord comes into view. It is wielding a +3 broad axe.
The orc warrior barely misses you.
There is a staircase back to the Dungeon, spattered with blood here.
The orc knight hits you with a +0 war axe!
The orc warlord roars a battlecry!
The orcs go into a battle-frenzy!
The orc warrior barely misses you.
You hear a howl!
You climb upwards.
Welcome back to the Dungeon!
There is a staircase to the Orcish Mines, spattered with blood here.
You hit the orc warrior but do no damage.
You slash the orc warrior!
The orc warrior is heavily wounded.
The orc warrior hits you with a +0 morningstar!
You slash the orc warrior!
You kill the orc warrior!
Okawaru accepts your kill.
The orc knight hits you with a +0 war axe!
Items here: ))))))))) [[[[[[[ ÷÷ ††.
You hit the orc knight but do no damage.
The orc knight closely misses you.
You slice the orc knight!!
The orc knight is moderately wounded.
The orc knight hits you with a +0 war axe!!!
* * * LOW HITPOINT WARNING * * *
You slash the orc knight!
The orc knight is heavily wounded.
Okay, then.
You closely miss the orc knight.
The orc knight is heavily wounded.
The orc knight closely misses you.
You hit the orc knight.
The orc knight is heavily wounded.
The orc knight hits you with a +0 war axe!!
You die...

#.#...#.#####.###
#....>........###
#.............#..
#.............#.#
##.#...#.........#
#.................
#)###..........###
#o# #..........###
#@# #.#.##.##.....
#># #.#.##.##.....
### #....#.##<....
#.#.##.##.....
#......##.....
###...........
#.########## #.#
#......# #.#
#.####.#


You could see an orc knight (strong).

Vanquished Creatures
  Josephine (D:10)
  A centaur warrior (D:10)
  3 two-headed ogres
  Urug (D:10)
  Pikel (D:4)
  2 cyclopes
  2 gargoyles
  A cane toad (D:9)
  2 trolls (D:11)
  2 hornets (D:8)
  A wyvern (D:11)
  16 yaks
  A vampire (D:10)
  5 wraiths
  6 vampire mosquitoes
  2 acid dragons
  2 water moccasins (D:8)
  11 orc warriors
  A black bear (D:5)
  A necrophage (D:5)
  An ogre (D:5)
  12 centaurs
  2 phantoms
  A kobold brigand (D:6)
  5 scorpions
  A bullfrog (D:8)
  A water moccasin zombie (D:5)
  A wyvern skeleton (D:7)
  A water moccasin skeleton (D:6)
  3 wights
  7 howler monkeys
  4 centaur zombies
  5 orc priests
  4 jellies
  3 hounds
  4 iguanas
  Jessica (D:2)
  6 orc wizards
  A killer bee zombie (D:7)
  2 howler monkey zombies
  Robin (D:3)
  10 gnolls
  10 adders
  7 river rats
  12 white imps (D:11)
  An ufetubus (D:6)
  2 worms (D:3)
  3 dart slugs
  36 orcs
  10 ball pythons
  6 endoplasms
  2 giant cockroaches
  10 goblins
  8 hobgoblins
  6 jackals (D:1)
  29 kobolds
  A quokka (D:3)
  A ball python zombie (D:3)
  6 bats
  6 frilled lizards
  25 rats
319 creatures vanquished.

Vanquished Creatures (others)
  8 fungi (D:9)
  9 plants
17 creatures vanquished.

Grand Total: 336 creatures vanquished

Notes
Turn   | Place    | Note
-------+----------+-------------------------------------------
     0 | D:1      | Anothat the Merfolk Gladiator began the quest for the Orb.
     0 | D:1      | Reached XP level 1. HP: 16/16 MP: 1/1
     9 | D:1      | Found a faded altar of an unknown god.
    65 | D:1      | Reached skill level 5 in Polearms
    65 | D:1      | Reached XP level 2. HP: 19/23 MP: 2/2
   395 | D:1      | Reached XP level 3. HP: 28/28 MP: 3/3
  1196 | D:2      | Reached skill level 6 in Polearms
  1223 | D:2      | Noticed Jessica
  1233 | D:2      | Killed Jessica
  1234 | D:2      | Reached XP level 4. HP: 18/35 MP: 4/4
  2372 | D:3      | Noticed Robin
  2374 | D:3      | Reached XP level 5. HP: 41/41 MP: 5/5
  2392 | D:3      | Killed Robin
  2393 | D:3      | Reached skill level 5 in Dodging
  2394 | D:3      | HP: 1/41 [goblin[Robin] (3)]
  2890 | D:3      | Reached skill level 7 in Polearms
  2934 | D:3      | Found a glowing drain.
  2966 | Sewer    | Entered a sewer
  3318 | Sewer    | Reached XP level 6. HP: 40/48 MP: 6/6
  4066 | Sewer    | Reached skill level 8 in Polearms
  5066 | D:4      | Found a broken altar of Ashenzari.
  5068 | D:4      | Noticed Pikel
  5118 | D:4      | Gained mutation: You have a pair of small antennae on your
                  | head. [potion of mutation]
  5118 | D:4      | Gained mutation: Your spells are a little easier to cast,
                  | but a little less powerful. [potion of mutation]
  5118 | D:4      | Gained mutation: Your flesh is cold resistant. (rC+)
                  | [potion of mutation]
  5131 | D:4      | Killed Pikel
  5132 | D:4      | Reached skill level 5 in Fighting
  5132 | D:4      | Reached skill level 10 in Polearms
  5132 | D:4      | Reached XP level 7. HP: 7/56 MP: 7/7
  5726 | D:4      | Found a staircase to the Ecumenical Temple.
  5739 | Temple   | Entered the Ecumenical Temple
  5790 | Temple   | Became a worshipper of Warmaster Okawaru
  5979 | D:4      | Reached XP level 8. HP: 60/62 MP: 8/8
  6308 | D:4      | Found a blossoming altar of Fedhas.
  6560 | D:5      | Entered Level 5 of the Dungeon
  7420 | D:5      | Found a white marble altar of Elyvilon.
  7456 | D:5      | Reached skill level 11 in Polearms
  7710 | D:5      | Noticed a wraith
  7729 | D:5      | Killed a wraith
  7729 | D:5      | Reached * piety under Okawaru
  8421 | D:5      | Reached skill level 12 in Polearms
  8421 | D:5      | Reached XP level 9. HP: 62/71 MP: 9/9
  8862 | D:6      | Found an ornate altar of the Wu Jian Council.
  8862 | D:6      | Found an ancient bone altar of Kikubaaqudgha.
  8862 | D:6      | Found a burning altar of Makhleb.
 10921 | D:6      | Reached ** piety under Okawaru
 10922 | D:6      | Reached skill level 13 in Polearms
 11264 | D:6      | Found an opulent altar of Gozag.
 11658 | D:7      | Reached skill level 1 in Armour
 12156 | D:7      | Identified the +11 falchion "Ashredi" {holy, rElec Will+
                  | Dex+4}
 12679 | D:8      | Noticed a hornet
 12688 | D:8      | Killed a hornet
 12825 | D:8      | Reached XP level 10. HP: 35/80 MP: 10/10
 13039 | D:8      | Paralysed by a hornet for 1 turns
 13045 | D:8      | Paralysed by a hornet for 2 turns
 13313 | D:8      | Reached skill level 14 in Polearms
 13343 | D:8      | Found a hazy altar of Hepliaklqana.
 13349 | D:8      | Found a sacrificial altar of Ru.
 13924 | D:8      | Noticed a gargoyle
 13930 | D:8      | Killed a gargoyle
 13930 | D:8      | Reached *** piety under Okawaru
 14298 | D:8      | Found a radiant altar of Vehumet.
 14446 | D:9      | Noticed a cyclops
 14641 | D:9      | Killed a cyclops
 14909 | D:9      | Found a staircase to the Lair.
 15560 | D:8      | Reached **** piety under Okawaru
 15571 | D:8      | Reached skill level 15 in Polearms
 16190 | D:9      | Received a gift from Okawaru
 16624 | D:10     | Entered Level 10 of the Dungeon
 16835 | D:10     | Noticed Josephine
 16854 | D:10     | Killed Josephine
 16855 | D:10     | Reached skill level 5 in Armour
 16855 | D:10     | Reached XP level 11. HP: 39/89 MP: 11/11
 16867 | D:10     | Reached ***** piety under Okawaru
 17144 | D:10     | Noticed a two-headed ogre
 17168 | D:10     | Killed a two-headed ogre
 17169 | D:10     | Reached skill level 1 in Invocations
 17939 | Lair:1   | Entered Level 1 of the Lair of Beasts
 17939 | Lair:1   | Noticed an eight-headed hydra
 17948 | D:9      | Reached skill level 16 in Polearms
 18479 | D:10     | Noticed a centaur warrior
 18498 | D:10     | Killed a centaur warrior
 18883 | Lair:1   | HP: 3/89 [13-headed hydra (11)]
 18883 | Lair:1   | HP: 1/89 [13-headed hydra (2)]
 19470 | D:10     | Noticed Urug
 19489 | D:10     | Killed Urug
 20029 | D:10     | Identified the +8 rapier "Moiq" {vorpal, Fragile rC- rCorr
                  | Dex+8}
 20040 | D:10     | Identified the +0 scale mail of Asmer {Str+2}
 20797 | D:11     | Reached ****** piety under Okawaru
 20885 | D:11     | Found a bloodstained altar of Trog.
 20965 | D:11     | Identified the +8 war axe of the Shore {pain, rElec rF+
                  | MP+9}
 21001 | D:11     | Reached XP level 12. HP: 70/97 MP: 14/14
 21185 | D:11     | Found a frozen archway.
 21204 | D:11     | Reached skill level 17 in Polearms
 21225 | D:11     | Reached skill level 10 in Fighting
 21582 | D:11     | Noticed a two-headed ogre
 21590 | D:11     | Killed a two-headed ogre
 21900 | D:11     | Received a gift from Okawaru
 22123 | D:11     | Found a staircase to the Orcish Mines.
 22333 | D:12     | Noticed a two-headed ogre
 22342 | D:12     | Killed a two-headed ogre
 22700 | Orc:1    | Entered Level 1 of the Orcish Mines
 23044 | Orc:1    | Noticed a two-headed ogre
 23044 | Orc:1    | Noticed an orc warlord
 23055 | D:11     | Demolished by an orc knight

Illustrated notes

Levels and vault maps discovered:
D:1:      dpeg_arrival_line_fractal, layout_loops_ring,
          shapermc_ecumenical_altar_mp_highgroup, kennysheep_nondescript
D:2:      layout_loops_corners, grunt_ministairs_2, uniq_jessica
D:3:      cheibrodos_old_hovel, layout_rooms, grunt_temple_overflow_holy_war,
          nicolae_overflow_crystal_walls, portal_sewer_entry_c, uniq_robin
D:4:      layout_basic, nicolae_ashenzari_skybound, lemuel_tele_altar,
          temple_pool_b, uniq_pikel
D:5:      layout_basic, lemuel_crystal_altar, patterned_corridor
D:6:      layout_cave_pools, overflow_temple_1_default,
          gammafunk_temple_overflow_forgotten, serial_co_window_serial,
          co_window_of_opportunity_a, co_window_paths_b, co_window_paths_a,
          co_window_corner_a, co_window_corner_a, co_window_broadway_b,
          co_window_corner_cb, co_window_broadway_c, co_window_unsneaky_path_b,
          co_window_4corner_b
D:7:      layout_cave_pods, hex_large
D:8:      layout_basic, kennysheep_mini, mainiacjoe_overflow_big_doors,
          enter_bailey_2
D:9:      layout_rooms, grunt_lair_entry_orc_guard_hut
D:10:     layout_basic, uniq_urug, uniq_josephine
D:11:     layout_loops_cross, orc_0_dummy, portal_ice_cave_entry_imps,
          eino_curves_01, trog_three_pillars_becter
D:12:     lemuel_bear_cage, layout_irregular_city, ebering_ghost_funeral_grove
Temple:   kb_temple_of_zot
Lair:1:   layout_cave_shapes, chequers_serial_rivers_micro_a
Orc:1:    layout_caves, basic_altar

Skill      XL: |  1  2  3  4  5  6  7  8  9 10 11 12 |
---------------+-------------------------------------+-----
Polearms       | 5 6 7 10 12 13 15 16 17 | 17.4
Fighting       | 3 5 6 7 9 10 | 10.2
Dodging        | 5 6 7 9 |  9.1
Armour         | 2 5 6 7 |  7.3
Invocations    | 3 4 |  4.5
Throwing       | |  2.0

Action                   |  1- 3 |  4- 6 |  7- 9 | 10-12 || total
-------------------------+-------+-------+-------+-------++-------
Melee: Trident           |    93 |   316 |       |       ||   409
       Halberd           |       |    13 |   297 |   544 ||   854
Throw: Throwing net      |       |     7 |     5 |     2 ||    14
       Javelin           |       |       |       |    26 ||    26
Invok: Heroism           |       |       |       |     4 ||     4
Evoke: Wand              |       |       |     3 |     4 ||     7
  Use: Potion            |       |     6 |     3 |    14 ||    23
       Scroll            |       |       |       |    19 ||    19
 Stab: Sleeping          |     4 |     1 |     1 |       ||     6
       Held in net/web   |       |     2 |     1 |     1 ||     4
       Invisible         |       |     1 |       |     4 ||     5
       Paralysed         |       |       |     1 |       ||     1
       Distracted        |       |       |       |     1 ||     1
Armor: Leather armour    |    17 |    81 |    24 |       ||   122
       Plate armour      |       |       |    23 |   250 ||   273
Dodge: Dodged            |    46 |   237 |   165 |   213 ||   661
Block: Buckler           |       |    55 |       |       ||    55
